 Dungeon Crawl Stone Soup version 0.30-a0-339-g89bb51ec76 (webtiles) character file.

Game seed: 460073892489361656

950 funkygono the Firebug (level 8, -1/63 HPs)
             Began as a Gargoyle Fire Elementalist on Oct 30, 2022.
             Slain by Pikel
             ... wielding a +1 whip of electrocution
              (4 damage)
             ... on level 4 of the Dungeon on Oct 31, 2022.
             The game lasted 00:12:49 (5487 turns).

funkygono the Firebug (Gargoyle Fire Elementalist)  Turns: 5487, Time: 00:12:50

Health: -1/63      AC:  7    Str: 12    XL:     8   Next: 13%
Magic:  2/16       EV: 12    Int: 18    God:
Gold:   149        SH:  0    Dex: 10    Spells: 8/18 levels left

rFire   . . .      SeeInvis .    t - +3 flail (protect)
rCold   . . .      Faith    .    (no shield)
rNeg    + . .      Spirit   .    a - +0 robe
rPois   ∞          Reflect  .    (no helmet)
rElec   +          Harm     .    (no cloak)
rCorr   .          Rampage  .    (no gloves)
Will    .....                    (no boots)
Stlth   ..........               (no amulet)
HPRegen 0.30/turn                (no ring)
MPRegen 0.15/turn                (no ring)

@: berserking, very quick
A: sickness immunity, AC +5, negative energy resistance 1, electricity
resistance, torment resistance 1, petrification resistance
a: no special abilities


You were on level 4 of the Dungeon.
You visited 1 branch of the dungeon, and saw 4 of its levels.

You collected 169 gold pieces.
You spent 20 gold pieces at shops.

Inventory:

Hand Weapons
 j - a +0 whip
 t - a +3 flail of protection (weapon)
Armour
 a - a +0 robe (worn)
 s - a +0 leather armour of fire resistance
Scrolls
 c - a scroll of summoning {unknown}
 d - a scroll of blinking {unknown}
 g - 6 scrolls of identify
 h - a scroll of torment {unknown}
 i - 2 scrolls of enchant armour {unknown}
 p - 2 scrolls of butterflies {unknown}
 r - a scroll of enchant weapon {unknown}
 v - a scroll of poison {unknown}
Potions
 b - a potion of magic
 e - a potion of berserk rage
 f - 2 potions of attraction {unknown}
 k - a potion of heal wounds {unknown}
 l - a potion of lignification {unknown}
 m - a potion of brilliance {unknown}
 n - a potion of might {unknown}
 o - a potion of haste {unknown}
 u - a potion of flight {unknown}


   Skills:
 + Level 0.4 Fighting
 + Level 0.7 Maces & Flails
 + Level 2.1 Dodging
 + Level 2.6 Stealth
 * Level 5.7 Spellcasting
 * Level 3.6 Conjurations
 * Level 6.2 Fire Magic


You had 8 spell levels left.
You knew the following spells:

 Your Spells              Type           Power      Damage    Failure   Level
a - Foxfire               Conj/Fire      88%        2x1d8     1%          1
b - Scorch                Fire           54%        2d7       1%          2
c - Kindle Blastsparks    Fire/Tloc/Air  24%        2d12      16%         3
d - Flame Wave            Conj/Fire      22%        2d8       16%         4

Your spell library contained the following spells:

 Spells                   Type           Power      Damage    Failure   Level
 Inner Flame              Hex/Fire       16%        N/A       11%         3
 Apportation              Tloc           10%        N/A       12%         1
 Alistair's Intoxication  Tmut/Pois      3%         N/A       98%         5


Dungeon Overview and Level Annotations

Branches:
Dungeon (4/15)             Temple (0/1) D:4

Altars:

Shops:
D:4 ?==:

Annotations:
D:4 Pikel


Innate Abilities, Weirdness & Mutations

You are immune to sickness and miasma.
Your stone body is resilient. (AC +5)
You are immune to poison.
You resist negative energy. (rN+)
You are resistant to electric shocks. (rElec)
You are resistant to unholy torment.
You are immune to petrification.


Message History

You feel better.
Pikel hits you with a +1 whip of electrocution.
* * * LOW HITPOINT WARNING * * *
The lemure barely misses you.
You feel better. The lemure hits you. Pikel barely misses you.
Unknown command.
Casting: Flame Wave (quite dangerous; 16% risk of failure)
Confirm with . or Enter, or press ? or * to list all spells.
The spell is quite dangerous to miscast (16% risk of failure)!
Continue anyway?
Casting: Flame Wave (quite dangerous; 16% risk of failure)
Press: ? - help, Dir - look around, f - activate A wave of flame ripples out!
The flame wave engulfs the lemure!
You kill the lemure!
That felt strangely unrewarding.
The flame wave engulfs Pikel.
Pikel is heavily wounded. (Press . to intensify the flame waves.) Pikel hits you with a +1 whip of electrocution!
* * * LOW HITPOINT WARNING * * *
A wave of flame ripples out!
The flame wave engulfs Pikel!
Pikel is severely wounded.
Pikel barely misses you.
Unknown command.
A wave of flame ripples out!
The flame wave engulfs Pikel.
Pikel is severely wounded.
You finish channelling waves of flame.
Pikel hits you with a +1 whip of electrocution.
* * * LOW HITPOINT WARNING * * *
Unknown command.
It was a potion of berserk rage.
A red film seems to cover your vision as you go berserk!
You feel yourself moving faster!
You feel mighty!
Pikel hits you with a +1 whip of electrocution.
* * * LOW HITPOINT WARNING * * *
You barely miss Pikel.
Pikel is severely wounded.
Pikel barely misses you.
You miss Pikel.
Pikel is severely wounded.
Pikel hits you with a +1 whip of electrocution.
You die...

......##.#.....##..............#.
......##.##........##.##..####.#.
##.....#.##..##.##.#...#....##.#.
#####.#.###.#...#.......#..##.#.
######.#.# #....[......#.#..##.#.
.....#.#.# #.#.....#..##.#...#...
...#.#.#.# #.##..###.......#..>#.
.....#.#.# #....K.###..##..#####.
PPP.PPPPPPP##.##@.#.....#..# #.
P.......P.P.#.#...........## #.
PPPPPPP.P.P.........#...#.# #.
P...P.....P.#.#...#.##.##.# #.
P.P.P.PPP.P.#.##.##.......# #.
P.P.P.P...P##.......#####.# #.
PPP.PPP.PPP########## #.# #.
P..........# #.# #.


PPP.P.P.P.P# #.# #. You could see Pikel.

Vanquished Creatures
  Grinder (D:3)
  Eustachio (D:4)
  Edmund (D:3)
  Duvessa (D:4)
  4 lemures (D:4)
  Dowan (D:4)
  An orc priest (D:3)
  A hound (D:4)
  Natasha (thrice) (D:3)
  5 gnolls
  3 adders (D:4)
  2 worms (D:2)
  3 dart slugs
  12 orcs
  9 ball pythons
  6 endoplasms
  3 giant cockroaches
  8 goblins
  6 hobgoblins
  13 jackals
  9 kobolds
  5 quokkas
  5 bats
  4 frilled lizards
  15 rats
  5 bushes (D:4)
127 creatures vanquished.

Vanquished Creatures (collateral kills)
  3 foxfires (D:4)
3 creatures vanquished.

Vanquished Creatures (others)
  299 foxfires
299 creatures vanquished.

Grand Total: 429 creatures vanquished

Notes
Turn   | Place    | Note
-------+----------+-------------------------------------------
     0 | D:1      | funkygono the Gargoyle Fire Elementalist began the quest
                  | for the Orb.
     0 | D:1      | Reached XP level 1. HP: 10/10 MP: 3/3
   119 | D:1      | Reached XP level 2. HP: 5/15 MP: 1/5
   122 | D:1      | Learned a level 2 spell: Scorch
   646 | D:1      | Reached XP level 3. HP: 19/19 MP: 0/6
   896 | D:1      | Learned a level 3 spell: Kindle Blastsparks
   977 | D:1      | Reached skill level 4 in Fire Magic
  1304 | D:2      | Reached XP level 4. HP: 24/24 MP: 5/7
  2535 | D:3      | Reached XP level 5. HP: 27/28 MP: 1/9
  2615 | D:3      | Noticed a great orb of eyes
  2618 | D:3      | Found a faded altar of an unknown god.
  2802 | D:3      | Noticed a golden eye
  2802 | D:3      | Noticed a floating eye
  2802 | D:3      | Noticed an eye of devastation
  2881 | D:3      | Noticed Natasha
  2888 | D:3      | Killed Natasha
  3441 | D:3      | Noticed Natasha
  3446 | D:3      | Killed Natasha
  3447 | D:3      | Reached XP level 6. HP: 30/32 MP: 6/11
  3452 | D:3      | Learned a level 4 spell: Flame Wave
  3524 | D:3      | Noticed Grinder
  3531 | D:3      | Killed Grinder
  3532 | D:3      | Reached skill level 5 in Fire Magic
  3532 | D:3      | Reached XP level 7. HP: 36/36 MP: 1/13
  3957 | D:3      | Noticed Natasha
  3963 | D:3      | Killed Natasha
  4001 | D:3      | Upgraded the game from 0.30-a0-335-ge5acde7520 to
                  | 0.30-a0-339-g89bb51ec76
  4193 | D:4      | Noticed Duvessa
  4193 | D:4      | Noticed Dowan
  4281 | D:4      | Noticed Edmund
  4296 | D:3      | Killed Edmund
  4456 | D:4      | Reached skill level 5 in Spellcasting
  4466 | D:4      | Noticed Eustachio
  4472 | D:4      | Killed Eustachio
  4534 | D:4      | Found a staircase to the Ecumenical Temple.
  4537 | D:4      | Found Idavim's Jewellery Boutique.
  4658 | D:4      | Found Rinyl's Jewellery Boutique.
  4659 | D:4      | Found Worit's Book Boutique.
  4660 | D:4      | Found Biugos's Magic Scroll Boutique.
  4725 | D:4      | Bought a scroll of identify for 20 gold pieces
  4841 | D:4      | Identified the +3 sling "Kuskeat" {vorpal, rPois Int+3
                  | SInv}
  5042 | D:4      | Killed Duvessa
  5043 | D:4      | Reached skill level 6 in Fire Magic
  5043 | D:4      | Reached XP level 8. HP: 41/42 MP: 7/16
  5119 | D:4      | Killed Dowan
  5414 | D:4      | Noticed Pikel
  5485 | D:4      | HP: 3/63 [Pikel/+1 whip of electrocution (6)]
  5487 | D:4      | Slain by Pikel

Illustrated notes

Levels and vault maps discovered:
D:1:      mrwooster_arrival_statue_2, layout_loops_ring,
          chequers_serial_rivers_room_b, minmay_pentomino_w4
D:2:      layout_basic, serial_park_tiny_1, grunt_decor_cap,
          kennysheep_generic_room_3
D:3:      layout_loops_corners, hellmonk_ecumenical_altar_watching_god,
          minmay_quadrilaterals, uniq_grinder, uniq_natasha
D:4:      layout_basic, minmay_temple_entry_ruins, lightli_sewer_entry_pipes,
          hangedman_decor_clover_reticule, nicolae_shop_unique_rings,
          minmay_hedge_maze, minmay_shop_grid_forest, minivault_25, uniq_pikel,
          uniq_edmund, uniq_eustachio, uniq_duvessa

Skill      XL: |  1  2  3  4  5  6  7 |
---------------+----------------------+-----
Fire Magic     | 4 5 6 |  6.2
Conjurations   | 2 3 |  3.6
Dodging        | 2 |  2.1
Spellcasting   | 3 4 5 |  5.7
Fighting       | |  0.4
Maces & Flails | |  0.7
Stealth        | |  2.6

Action                   |  1- 3 |  4- 6 |  7- 9 || total
-------------------------+-------+-------+-------++-------
Melee: Dagger            |     5 |       |       ||     5
       Club              |    17 |       |       ||    17
       Whip              |       |     7 |     1 ||     8
       Flail             |       |       |    12 ||    12
 Cast: Foxfire           |    50 |    84 |    46 ||   180
       Scorch            |     7 |    14 |    29 ||    50
       Flame Wave        |       |       |     4 ||     4
  Use: Potion            |       |       |     6 ||     6
Armor: Robe              |    41 |    10 |    12 ||    63
Dodge: Dodged            |    39 |    23 |    44 ||   106

Table legend: (Time is in decaauts)
 A = Elapsed time spent in this place.
 B = Non-inter-level travel time spent in this place.
 C = Inter-level travel time spent in this place.
 D = Time resting spent in this place.
 E = Time spent auto-exploring this place.
 F = Levels seen in this place.
 G = Mean time per level.
                   A        B        C        D        E       F      G
               +--------+--------+--------+--------+--------+-----+--------+
         Total |   5497 |   5242 |    255 |    309 |   3753 |   4 | 1374.2 |
       Dungeon |   5497 |   5242 |    255 |    309 |   3753 |   4 | 1374.2 |
               +--------+--------+--------+--------+--------+-----+--------+

Top non-repeatable levels by time:
     D:3: 1976 daAuts
     D:1: 1392 daAuts
     D:4: 1066 daAuts
     D:2: 1063 daAuts
